 Dungeon Crawl Stone Soup version 0.31-a0-986-g5e6e4ef867 (webtiles) character file.

Game seed: 1843688284769084995

127 LadyBoffin the Chopper (level 5, -3/46 HPs)
             Began as a Hill Orc Fighter on Nov 7, 2023.
             Slain by a kobold
             ... wielding a +0 whip
              (4 damage)
             ... on level 3 of the Dungeon.
             The game lasted 00:05:23 (1857 turns).

LadyBoffin the Chopper (Hill Orc Fighter)           Turns: 1857, Time: 00:05:23

Health: -3/46      AC:  7    Str: 21    XL:     5   Next: 11%
Magic:  5/5        EV:  9    Int:  8    God:
Gold:   95         SH:  4    Dex: 10    Spells: 4/4 levels left

rFire   . . .        j - +0 broad axe
rCold   . . .        c - +0 buckler
rNeg    . . .        b - +0 scale mail
rPois   .            (no helmet)
rElec   .            (no cloak)
rCorr   .            (no gloves)
SInv    .            (no boots)
Will    .....        (no amulet) Stlth
                     (no ring)
HPRegen 0.27/turn    (no ring)
MPRegen 0.09/turn

%: no passive effects
@: no status effects
A: no striking features
a: no special abilities


You were on level 3 of the Dungeon.
You visited 1 branch of the dungeon, and saw 3 of its levels.

You collected 95 gold pieces.

Inventory:

Hand Weapons
 a - a +0 war axe
 j - a +0 broad axe (weapon)
Armour
 b - a +0 scale mail (worn)
 c - a +0 buckler (worn)
Scrolls
 g - a scroll of identify
Potions
 e - a potion of heal wounds {unknown}
 f - a potion of degeneration {unknown}
 i - 2 potions of curing {unknown}
 k - a potion of haste {unknown}


   Skills:
 + Level 4.2 Fighting
 + Level 5.0 Axes
 + Level 4.0 Armour
 + Level 0.6 Dodging
 + Level 0.1 Stealth
 + Level 3.7 Shields


You had 4 spell levels left.
You didn't know any spells.
Your spell library contained the following spells:

 Spells                   Type           Power      Damage    Failure   Level
 Tukima's Dance           Hex            0%         N/A       99%         3
 Brom's Barrelling Bould  Conj/Erth      0%         2d3       100%        4
 Passage of Golubria      Tloc           0%         N/A       100%        4
 Fireball                 Conj/Fire      0%         3d3       100%        5
 Iskenderun's Battlesphe  Conj           0%         2d6       100%        5
 Yara's Violent Unravell  Hex/Tmut       0%         3d3       100%        5
 Conjure Ball Lightning   Conj/Air       0%         3x3d6     100%        6
 Orb of Destruction       Conj           0%         9d5       100%        7


Dungeon Overview and Level Annotations

Branches:
Dungeon (3/15)

Altars:

Shops:
D:2 ?


Message History

The worm is engulfed in poison gas.
The worm is poisoned.
Things that are here:
a +1 war axe of freezing; an orc corpse You hit the worm.
The worm is severely wounded.
The worm is engulfed in poison gas.
The worm looks even sicker.
You kill the worm!
Things that are here:
a +1 war axe of freezing; an orc corpse You hear some strange, mumbled words.
A puff of flame appears from out of thin air!
The puff of flame hits you!
* * * LOW HITPOINT WARNING * * *
You barely miss something.
Something hits you but does no damage. x2
You slash something! Something hits you.
* * * LOW HITPOINT WARNING * * *
The kobold hits you with a +0 whip.
* * * LOW HITPOINT WARNING * * *
You closely miss something. You completely miss the kobold.
The kobold closely misses you. Something hits you.
* * * LOW HITPOINT WARNING * * *
You slash the orc!
You kill the orc!
You miss something. You closely miss the kobold. You slash the orc!
You kill the orc!
The kobold misses you. Something hits you but does no damage.
The kobold closely misses you.
You closely miss the kobold. You hit something.
Reactivating autopickup.
You feel a bit more experienced. The kobold hits you but does no damage.
Your Axes skill increases to level 5!
You have reached level 5!
You feel stronger.
You closely miss the kobold. The kobold barely misses you.
The kobold closely misses you.
You barely miss the kobold. The kobold hits you with a +0 whip.
* * * LOW HITPOINT WARNING * * *
You hit the kobold but do no damage. The kobold hits you but does no damage.
You hit the kobold but do no damage. The kobold hits you with a +0 whip.
You die...

..≈.≈...o††.........
≈§≈.≈...$..>#.......
....≈...............
≈≈≈≈≈...............
..........###.......
##.................
.####..†..†..†.....$
.......K)#..#......#
..##...)@)..#.....##
#.....##.........##
##...# ###...#...##
##.# ##..##.... #.
#..#...... .
#......... #
####........
#########...........
..........##........


You could see a kobold.

Vanquished Creatures
  Terence (D:2)
  An orc wizard (D:3)
  3 adders (D:2)
  A worm (D:3)
  A dart slug (D:3)
  3 orcs (D:3)
  4 ball pythons
  5 endoplasms
  4 goblins
  8 jackals
  2 quokkas
  4 frilled lizards
  A kobold (D:1)
  5 rats
43 creatures vanquished.

Notes
Turn   | Place    | Note
-------+----------+-------------------------------------------
     0 | D:1      | LadyBoffin the Hill Orc Fighter began the quest for the
                  | Orb.
     0 | D:1      | Reached XP level 1. HP: 19/19 MP: 1/1
   207 | D:1      | Reached skill level 3 in Axes
   348 | D:1      | Reached XP level 2. HP: 26/27 MP: 2/2
  1119 | D:2      | Reached XP level 3. HP: 33/33 MP: 3/3
  1220 | D:2      | Found Huaruani's Magic Scroll Shop.
  1298 | D:2      | Reached skill level 4 in Axes
  1413 | D:2      | Noticed Terence
  1552 | D:2      | Killed Terence
  1553 | D:2      | Reached XP level 4. HP: 32/40 MP: 4/4
  1850 | D:3      | HP: 2/40 [kobold/+0 whip (5)]
  1854 | D:3      | Reached skill level 5 in Axes
  1854 | D:3      | Reached XP level 5. HP: 3/46 MP: 5/5
  1855 | D:3      | HP: 1/46 [kobold/+0 whip (3)]
  1857 | D:3      | Slain by a kobold

Illustrated notes

Levels and vault maps discovered:
D:1:      nicolae_arrival_somewhat_less_tricky_arrival, layout_loops_corners,
          minmay_misc_feat_alley
D:2:      layout_basic, serial_shops, shop, grunt_ministairs_6, uniq_terence
D:3:      layout_rooms, mainiacjoe_overflow_concentric_impassable,
          mainiacjoe_overflow_alcove_1, hellmonk_ecumenical_altar_run_dry,
          uniq_grinder

Skill      XL: |  1  2  3  4 |
---------------+-------------+-----
Axes           | 3 4 5 |  5.0
Fighting       | 4 |  4.2
Armour         | 4 |  4.0
Dodging        | |  0.6
Stealth        | |  0.1
Shields        | |  3.7

Action                     |  1- 3 |  4- 6 || total
---------------------------+-------+-------++-------
  Melee: War axe           |    50 |       ||    50
         Broad axe         |    39 |    31 ||    70
    Use: Scroll            |     2 |     1 ||     3
         Potion            |     1 |       ||     1
 Armour: Scale mail        |    55 |    45 ||   100
  Dodge: Dodged            |    45 |    18 ||    63
  Block: Buckler           |    17 |    11 ||    28

Table legend: (Time is in decaauts)
 A = Elapsed time spent in this place.
 B = Non-inter-level travel time spent in this place.
 C = Inter-level travel time spent in this place.
 D = Time resting spent in this place.
 E = Time spent auto-exploring this place.
 F = Levels seen in this place.
 G = Mean time per level.
                   A        B        C        D        E       F      G
               +--------+--------+--------+--------+--------+-----+--------+
         Total |   1904 |   1833 |     71 |     92 |   1433 |   3 |  634.7 |
       Dungeon |   1904 |   1833 |     71 |     92 |   1433 |   3 |  634.7 |
               +--------+--------+--------+--------+--------+-----+--------+

Top non-repeatable levels by time:
     D:1: 985 daAuts
     D:2: 841 daAuts
     D:3: 77 daAuts
